 Dungeon Crawl Stone Soup version 0.26.1-11-gd32895ea62 (webtiles) character file.

Game seed: 355789060948183720

109 tizbic2 the Sneak (level 4, -6/33 HPs)
             Began as a Vampire Warper on June 26, 2021.
             Was an Initiate of Yredelemnul.
             Mangled by Sigmund
             ... wielding a +4 vorpal scythe
              (10 damage)
             ... on level 3 of the Dungeon.
             The game lasted 00:18:48 (2139 turns).

tizbic2 the Sneak (Vampire Warper)                  Turns: 2139, Time: 00:18:49

Health: -6/33      AC:  6    Str: 16    XL:     4   Next: 60%
Magic:  7/7        EV: 13    Int: 15    God:    Yredelemnul [......]
Gold:   177        SH:  0    Dex: 20    Spells: 5/7 levels left

rFire    . . .     SeeInvis +   q - +5 whip
rCold    . . .     Faith    .   (no shield)
rNeg     . . .     Spirit   .   b - +0 leather armour
rPois    .         Reflect  .   (no helmet)
rElec    .         Harm     .   (no cloak)
rCorr    .         Rampage  .   a - +0 pair of gloves
Will     .....                  g - +1 pair of boots {Stlth+}
Stlth    +++.......             p - amulet of magic regeneration
HPRegen  0.31/turn              t - +6 ring of strength
MPRegen  0.35/turn              r - +6 ring of dexterity

@: regenerating quickly
A: fangs 3, see invisible, unbreathing
a: Exsanguinate, Renounce Religion


You were on level 3 of the Dungeon.
You worshipped Yredelemnul.
Yredelemnul was noncommittal.
You visited 1 branch of the dungeon, and saw 3 of its levels.

You collected 177 gold pieces.

Inventory:

Hand Weapons
 e - a +0 dagger
 q - a +5 whip (weapon)
Missiles
 i - 9 boomerangs (quivered)
 n - 8 javelins
 u - 14 poisoned darts
 y - 4 boomerangs of dispersal
Armour
 a - a +0 pair of gloves (worn)
 b - a +0 leather armour (worn)
 g - a +1 pair of boots of stealth (worn)
 k - a +0 pair of boots of flying
 l - a +0 buckler
Jewellery
 c - an uncursed ring of protection from fire
 p - an amulet of magic regeneration (around neck)
 r - a +6 ring of dexterity (right hand)
 t - a +6 ring of strength (left hand)
 x - an uncursed ring of fire
Scrolls
 d - 2 scrolls of blinking
 j - 4 scrolls of remove curse
 o - a scroll of immolation {unknown}
 v - a scroll of teleportation {unknown}
 w - a scroll of magic mapping {unknown}
Potions
 f - 2 potions of lignification {unknown}
 h - a potion of mutation {unknown}
 m - 2 potions of flight {unknown}
 s - a potion of degeneration {unknown}


   Skills:
 + Level 2.0 Fighting
 + Level 0.8 Maces & Flails
 * Level 2.4 Polearms
 + Level 0.7 Throwing
 + Level 1.0 Armour
 + Level 2.7 Dodging
 * Level 3.2 Stealth
 + Level 2.1 Spellcasting
 + Level 2.9 Translocations


You had 5 spell levels left.
You knew the following spells:

 Your Spells              Type           Power        Failure   Level
a - Blink                 Tloc           N/A          12%         2

Your spell library contained the following spells:

 Spells                   Type           Power        Failure   Level
 Gell's Gravitas          Tloc           5%           24%         3
 Lesser Beckoning         Tloc           5%           24%         3
 Teleport Other           Tloc           10%          24%         3
 Passage of Golubria      Tloc           N/A          63%         4


Dungeon Overview and Level Annotations

Branches:
Dungeon (3/15)

Altars:
Dithmenos
Yredelemnul

Annotations:
D:3 Sigmund


Innate Abilities, Weirdness & Mutations

Your natural rate of healing is unusually fast.
You have razor-sharp teeth.
You have supernaturally acute eyesight. (SInv)
You can survive without breathing.


Message History

You whack Sigmund! You bite Sigmund.
Sigmund is heavily wounded.
Sigmund points at you and mumbles some strange words.
The puff of flame hits you.
You barely miss Sigmund.
Sigmund is heavily wounded.
Sigmund barely misses you.
You whack Sigmund!
Sigmund is severely wounded.
Sigmund gestures at you while chanting. The magic dart hits you!
You closely miss Sigmund.
Sigmund is severely wounded.
Sigmund hits you with a +4 vorpal scythe!
* * * LOW HITPOINT WARNING * * *
x2 You hit Sigmund.
Sigmund is severely wounded.
Sigmund hits you with a +4 vorpal scythe!
You die...
Yredelemnul claims you as an undead slave.

.....######.####.#
#.#### #.####.#
..# #######..(...#
..# #.....######.#
..# #.....#
###.#### ..#
#.<...####......#
.##
#......##.......#
.#
#.@.♣..##..#.##.#
.# ##.♣_♣.##..#@#
.# ##
#..♣..##..#@# #
#.....##..#.##.#
#####.##.......#
#######.#####.####
####.............#
#########
......####.#######
#........ ####.
#.# #.#####(# ..#
#.# #.#


You could see Sigmund.

Vanquished Creatures
  An orc wizard (D:3)
  3 adders
  An ooze (D:2)
  2 dart slugs
  4 orcs (D:3)
  2 giant cockroaches
  5 goblins
  5 hobgoblins
  5 jackals (D:2)
  A quokka (D:3)
  A ball python (D:1)
  3 bats
  5 kobolds (D:3)
  3 rats
41 creatures vanquished.

Vanquished Creatures (others)
  2 fungi (D:1)
  4 plants (D:1)
6 creatures vanquished.

Grand Total: 47 creatures vanquished

Notes
Turn   | Place    | Note
-------+----------+-------------------------------------------
     0 | D:1      | tizbic2 the Vampire Warper began the quest for the Orb.
     0 | D:1      | Reached XP level 1. HP: 16/16 MP: 3/3
   290 | D:1      | Reached XP level 2. HP: 17/19 MP: 5/5
   790 | D:1      | Learned a level 2 spell: Blink
  1097 | D:2      | Found a basalt altar of Yredelemnul.
  1126 | D:2      | Became a worshipper of Yredelemnul the Dark
  1144 | D:2      | Reached skill level 1 in Stealth
  1144 | D:2      | Reached XP level 3. HP: 23/24 MP: 6/6
  1425 | D:3      | Found a faded altar of an unknown god.
  1466 | D:3      | Noticed Sigmund
  1550 | D:3      | Found a shadowy altar of Dithmenos.
  1788 | D:3      | Found a glowing drain.
  1828 | D:3      | Reached skill level 2 in Stealth
  1834 | D:3      | Reached skill level 1 in Armour
  1834 | D:3      | Reached skill level 3 in Stealth
  1834 | D:3      | Reached XP level 4. HP: 25/33 MP: 7/7
  2139 | D:3      | Mangled by Sigmund

Illustrated notes

Levels and vault maps discovered:
D:1:      tarquinn_simple_flora_water_d, layout_rooms,
          minmay_misc_feat_more_columns, minmay_tetromino_s4
D:2:      layout_basic, overflow_temple_1_default
D:3:      layout_loops_cross, nicolae_overflow_crystal_walls,
          gup_sewer_entry_glass, chequers_ecumenical_altar_simple,
          kennysheep_crisscross, grunt_decor_resistance, nrook_loot_triangle,
          uniq_sigmund

Skill      XL: |  1  2  3  4 |
---------------+-------------+-----
Polearms       | 2 |  2.4
Stealth        | 1 3 |  3.2
Armour         | 1 |  1.0
Fighting       | 2 |  2.0
Maces & Flails | |  0.8
Throwing       | |  0.7
Dodging        | |  2.7
Spellcasting   | |  2.1
Translocations | |  2.9

Action                   |  1- 3 |  4- 6 || total
-------------------------+-------+-------++-------
Melee: Spear             |   116 |       ||   116
       Bite              |    17 |     2 ||    19
       Whip              |    31 |    15 ||    46
       Dagger            |       |     2 ||     2
Throw: Boomerang         |     2 |       ||     2
 Cast: Blink             |     5 |       ||     5
 Abil: Exsanguinate      |     1 |       ||     1
       Revivify          |     1 |       ||     1
  Use: Scroll            |     5 |     1 ||     6
 Stab: Sleeping          |    10 |     3 ||    13
Armor: Leather armour    |    24 |     3 ||    27
Dodge: Dodged            |    67 |     6 ||    73
